 Dungeon Crawl Stone Soup version 0.29.1-2-gbd0b4ee654 (webtiles) character file.

Game seed: 3433814185497342229

1503 jamesblauser the Chopper (level 8, -13/70 HPs)
             Began as a Minotaur Berserker on Nov 7, 2022.
             Was a Believer of Trog.
             Mangled by an ogre
             ... wielding a +0 giant club
              (23 damage)
             ... on level 7 of the Dungeon.
             The game lasted 00:16:10 (5947 turns).

jamesblauser the Chopper (Minotaur Berserker)       Turns: 5947, Time: 00:16:10

Health: -13/70     AC:  0    Str: 22    XL:     8   Next: 52%
Magic:  7/7        EV: 10    Int:  4    God:    Trog [**....]
Gold:   202        SH: 19    Dex: 12    Spells: 7/7 levels left

rFire   . . .      SeeInvis .   a - +0 hand axe
rCold   . . .      Faith    .   c - +1 tower shield
rNeg    . . .      Spirit   .   (no body armour)
rPois   .          Reflect  +   (helmet restricted)
rElec   .          Harm     .   (no cloak)
rCorr   .          Rampage  .   (no gloves)
Will    ++...                   (no boots)
Stlth   ++........              n - amulet of reflection
HPRegen 1.21/turn               o - ring of flight
MPRegen 0.10/turn               (no ring)

@: strong-willed, flying, regenerating
A: horns 2, retaliatory headbutt
a: Renounce Religion, Berserk, Trog's Hand


You were on level 7 of the Dungeon.
You worshipped Trog.
Trog was pleased with you.
You visited 1 branch of the dungeon, and saw 6 of its levels.

You collected 202 gold pieces.

Inventory:

Hand Weapons
 a - a +0 hand axe (weapon)
Armour
 b - a +0 animal skin
 c - a +1 tower shield (worn)
 d - an orb of energy
 f - a +0 leather armour
 g - a +0 barding
 k - a +0 ring mail
 r - the +1 leather armour "Jedagoyt" {rElec rPois Int-3}
   (You found it on level 6 of the Dungeon)

   Int:       It affects your intelligence (-3).
   rElec:     It insulates you from electricity.
   rPois:     It protects you from poison.
Jewellery
 l - an amulet of guardian spirit
 n - an amulet of reflection (around neck)
 o - a ring of flight (left hand)
Scrolls
 i - a scroll of identify
 j - 2 scrolls of teleportation
 m - a scroll of fear
 p - a scroll of summoning
 s - a scroll of noise {unknown}
 t - a scroll of fog {unknown}
Potions
 e - 3 potions of curing
 h - a potion of magic
 q - a potion of might {unknown}


   Skills:
 + Level 5.8 Fighting
 + Level 7.9 Axes
 + Level 4.8 Armour
 + Level 5.1 Dodging
 + Level 1.4 Stealth
 + Level 5.6 Shields
 + Level 1.6 Evocations


You had 7 spell levels left.
You didn't know any spells.
Your spell library was empty.

Dungeon Overview and Level Annotations

Branches:
Dungeon (7/15)             Temple (0/1) D:4

Altars:
Elyvilon
Fedhas
Ru

Shops:
D:2 *

Annotations:
D:3 exclusion: oklob plant


Innate Abilities, Weirdness & Mutations

You have a pair of horns on your head.
You reflexively headbutt those who attack you in melee.


Message History

You closely miss the howler monkey.
The howler monkey hoots and howls with incredible vigour!
You block the howler monkey's attack. You block Menkaure's attack.
You hear a shout!
You hear a howl!
You hear a croak.
Something shouts, "Run away, thou ducking common-kissing pimple!"
You hit Menkaure.
You headbutt Menkaure, but do no damage.
Menkaure is severely damaged.
You closely miss the howler monkey. You block the howler monkey's attack.
You block Menkaure's attack.
The howler monkey completely misses you.
You hit Menkaure but do no damage. Your headbutt misses Menkaure.
Menkaure is severely damaged.
You hit the howler monkey. Menkaure hits you!!
You block the howler monkey's attack.
You slash Menkaure!
You destroy Menkaure!
Trog accepts your kill.
Trog appreciates your killing of a magic user.
You hit the howler monkey. You block the howler monkey's attack.
An ogre comes into view. It is wielding a +0 giant club.
The howler monkey hits you. You block the howler monkey's attack.
You hit the howler monkey.
You headbutt the howler monkey, but do no damage.
The howler monkey is almost dead.
The howler monkey hoots and howls with incredible vigour!
You hear a loud, deep croak!
You hear a howl!
You slash the howler monkey!
You kill the howler monkey!
Trog accepts your kill.
A bullfrog comes into view.
Your skin crawls.
You feel strong-willed. You block the ogre's attack.
The ogre attacks as you move away!
The ogre hits you with a +0 giant club!!
* * * LOW HITPOINT WARNING * * *
The ogre hits you with a +0 giant club!!
You die...

### .. .. .### #.
.##.... . #.
.......
..##.#####.......
.........@.#..#
..##....O.....#
......F.......#
........†..#.....
.........####.##.
.........+ ...
#........####.###
.<.....<.......
#...###.#####.#


You could see an ogre and a bullfrog.

Vanquished Creatures
  Pikel (D:6)
  Menkaure (D:7)
  A water moccasin (D:6)
  A sky beast (D:6)
  An ice beast (D:6)
  A centaur (D:6)
  A phantom (D:3)
  2 necrophages (D:6)
  A scorpion (D:6)
  A howler monkey (D:7)
  A hound (D:6)
  An orc wizard (D:4)
  2 iguanas (D:6)
  5 adders
  A gnoll (D:2)
  A white imp (D:6)
  3 worms (D:2)
  A dart slug (D:2)
  8 orcs
  9 endoplasms
  2 giant cockroaches
  4 goblins (D:1)
  9 hobgoblins
  5 jackals
  8 kobolds
  3 quokkas
  6 ball pythons
  9 bats
  5 frilled lizards
  6 rats
100 creatures vanquished.

Vanquished Creatures (others)
  4 plants (D:3)
4 creatures vanquished.

Grand Total: 104 creatures vanquished

Notes
Turn   | Place    | Note
-------+----------+-------------------------------------------
     0 | D:1      | jamesblauser the Minotaur Berserker began the quest for the
                  | Orb.
     0 | D:1      | Reached XP level 1. HP: 19/19 MP: 0/0
     1 | D:1      | Noticed a spriggan
     1 | D:1      | Noticed a ghoul
     3 | D:1      | Noticed a formicid
     3 | D:1      | Noticed a vampire
     5 | D:1      | Noticed a barachi
     6 | D:1      | Noticed a spriggan
     8 | D:1      | Noticed a dwarf
    10 | D:1      | Noticed a naga
    12 | D:1      | Noticed a minotaur
    12 | D:1      | Noticed a naga
    14 | D:1      | Noticed a human
    14 | D:1      | Noticed a vine stalker
    14 | D:1      | Noticed a spriggan
    16 | D:1      | Noticed an elf
    16 | D:1      | Noticed an ogre
    16 | D:1      | Noticed a vampire
    18 | D:1      | Noticed a tengu
   273 | D:1      | Found a faded altar of an unknown god.
   300 | D:1      | Reached skill level 4 in Axes
   300 | D:1      | Reached XP level 2. HP: 22/27 MP: 1/1
   961 | D:1      | Reached XP level 3. HP: 15/33 MP: 2/2
  1386 | D:2      | Found Detiezio's Assorted Antiques.
  1803 | D:2      | Reached ** piety under Trog
  1812 | D:2      | Reached skill level 1 in Shields
  2140 | D:2      | Reached XP level 4. HP: 35/41 MP: 3/3
  2982 | D:3      | Noticed a phantom
  2999 | D:3      | Killed a phantom
  3000 | D:3      | Reached skill level 1 in Stealth
  3000 | D:3      | Reached XP level 5. HP: 21/47 MP: 4/4
  3343 | D:3      | Found a white marble altar of Elyvilon.
  3805 | D:3      | Found a sacrificial altar of Ru.
  4047 | D:3      | Reached skill level 5 in Axes
  4131 | D:3      | Found a blossoming altar of Fedhas.
  4145 | D:3      | Noticed an oklob plant
  4561 | D:4      | You fall into a shaft and drop 2 floors!
  4575 | D:6      | Noticed an ice beast
  4587 | D:6      | Reached XP level 6. HP: 42/53 MP: 5/5
  4601 | D:6      | Killed an ice beast
  4757 | D:6      | Reached skill level 5 in Fighting
  4757 | D:6      | Reached XP level 7. HP: 61/61 MP: 6/6
  4832 | D:6      | Reached skill level 6 in Axes
  4869 | D:6      | Noticed Pikel
  4877 | D:6      | Killed Pikel
  4878 | D:6      | Reached skill level 7 in Axes
  4878 | D:6      | Reached skill level 5 in Shields
  4878 | D:6      | Reached XP level 8. HP: 53/69 MP: 4/7
  5039 | D:6      | Reached skill level 5 in Dodging
  5039 | D:6      | Reached skill level 1 in Evocations
  5326 | D:6      | Identified the +1 leather armour "Jedagoyt" {rElec rPois
                  | Int-3}
  5927 | D:7      | Noticed Menkaure
  5938 | D:7      | Killed Menkaure
  5947 | D:7      | Mangled by an ogre

Illustrated notes

Levels and vault maps discovered:
D:1:      shiori_arrival_whats_in_store_for_you, layout_basic,
          serial_co_window_serial, co_window_corner_a, co_window_corner_a,
          co_window_corner_a, co_window_paths_b, co_window_paths_a,
          co_window_unsneaky_path_e, co_window_broadway_a, co_window_paths_c,
          co_window_paths_c, co_window_4corner_b, glass_columns_b,
          glass_columns_b, glass_columns_a, glass_columns_b,
          hellmonk_ecumenical_altar_heavens_door, minmay_tall_x
D:2:      layout_loops_ring, serial_shops, nicolae_shop_waterfront,
          cheibrodos_gnoll_hut
D:3:      wad_crossroads, layout_basic, nicolae_ru_path_of_blood,
          elyvilon_altar_5, tgw_fedhas, bh_walls_and_bars
D:4:      layout_basic, lemuel_round_altar, lemuel_round_altar,
          minmay_temple_entry_gardened_gates, uniq_sigmund
D:6:      layout_basic, uniq_pikel
D:7:      minmay_spotlight, layout_basic, uniq_crazy_yiuf_cottage,
          uniq_menkaure, uniq_maggie

Skill      XL: |  1  2  3  4  5  6  7  8 |
---------------+-------------------------+-----
Axes           | 4 5 7 |  7.9
Fighting       | 4 5 |  5.8
Shields        | 1 2 3 4 5 |  5.6
Dodging        | 3 4 5 |  5.1
Stealth        | 1 |  1.4
Armour         | 3 4 |  4.8
Evocations     | 1 |  1.6

Action                   |  1- 3 |  4- 6 |  7- 9 || total
-------------------------+-------+-------+-------++-------
Melee: Hand axe          |    92 |   133 |    56 ||   281
       Headbutt          |    15 |    34 |     9 ||    58
Invok: Berserk           |       |     1 |       ||     1
       Trog's Hand       |       |       |     2 ||     2
Evoke: Wand              |       |     2 |     5 ||     7
  Use: Scroll            |     5 |     4 |     1 ||    10
       Potion            |     1 |     2 |       ||     3
 Stab: Sleeping          |       |     1 |       ||     1
Armor: Animal skin       |    10 |       |       ||    10
       Leather armour    |     5 |    24 |       ||    29
       Ring mail         |       |    11 |     4 ||    15
Dodge: Dodged            |    41 |    46 |    14 ||   101
Block: Tower shield      |    64 |    85 |    57 ||   206
